Description

Makes a Hive by the time Gary spawns

Build Order

Get SALT Encoding   

  12  0:04  Drone  
  13  0:10  Drone  
  14  0:22  Overlord  
  14  0:31  Extractor  2 drones on completion
  13  0:34  Extractor  2 drones on completion
  12  0:54  Spawning Pool  
  11  0:57  Drone  
  18  1:58  Lair  
  18  2:10  Zergling x2  
  20  2:16  Drone  
  21  2:47  Infestation Pit  
  20  2:51  Drone  
  21  2:53  Overlord  Saturate gasses at 200 minerals
  21  3:19  Hive  Saturate mineral line
Spawning Tool Build Advisor. Get it on Overwolf

Go to:

Details

  • Created by: Xaeric
  • Published on: Jul 23, 2019
  • Modified on: Jul 23, 2019
  • Patch: 4.7.1
Show
View Real Time Build Order
Export as new Build Order

Comments (0)

There are no comments. Be the first!

Create an account to comment!